 Dungeon Crawl Stone Soup version 0.13-a0-1585-g6f4f798 (webtiles) character file.

125 Koal the Digger (level 3, 0/26 HPs)
             Began as a Gargoyle Earth Elementalist on June 12, 2013.
             Slain by Ijyb (4 damage)
             ... on Level 2 of the Dungeon.
             The game lasted 00:07:50 (1721 turns).

Koal the Digger (Gargoyle Earth Elementalist)       Turns: 1721, Time: 00:07:50

HP   0/26        AC  2     Str 11      XL: 3   Next: 95%
MP   1/6         EV 12     Int 16      God:
Gold 69          SH  0     Dex 10      Spells:  2 memorised,  1 level left

Res.Fire  : . . .   See Invis. : .   b - 20 stones {=f}
Res.Cold  : + . .   Warding    : .   c - +0 robe
Life Prot.: + . .   Conserve   : .   (no shield)
Res.Poison: .       Res.Corr.  : .   (no helmet)
Res.Elec. : .       Clarity    : .   (no cloak)
Sust.Abil.: . .     Spirit.Shd : .   (no gloves)
Res.Mut.  : .       Stasis     : .   (no boots)
Res.Rott. : .       Flight     : .   (no amulet)
Saprovore : . . .                    (no ring)
                                     (no ring)

@: not resistant to hostile enchantments, fairly stealthy
A: fangs 1, talons 2, cold resistance 1, life protection 1, slow metabolism 1,
petrification resistance, trample resistance
a: no special abilities


You were on level 2 of the Dungeon.
You were not hungry.

You visited 1 branch of the dungeon, and saw 2 of its levels.

You collected 49 gold pieces.

Inventory:

Missiles
 b - 20 stones (in hand) {=f}
 k - 4 sling bullets
 u - 2 darts (quivered)
Armour
 c - a +0 robe (worn)
Comestibles
 a - 2 bread rations
 h - 8 strawberries
 v - a chunk of giant newt flesh
Scrolls
 g - a scroll of amnesia {unknown}
 i - 2 scrolls of remove curse {unknown}
 j - 2 scrolls of identify {unknown}
 p - a scroll of enchant weapon I {unknown}
 r - a scroll of teleportation {unknown}
Potions
 e - 4 potions of curing {unknown}
 f - a potion of paralysis {unknown}
 l - a potion of flight {unknown}
 m - a potion of mutation {unknown}
 o - a potion of heal wounds {unknown}
 q - a potion of restore abilities {unknown}
 s - a potion of agility {unknown}
Books
 d - a book of Geomancy

   Spells                             Type                      Level
   *Sandblast                         Earth                        1
   Stoneskin                          Transmutation/Earth          2
   Passwall                           Transmutation/Earth          3
   *Stone Arrow                       Conjuration/Earth            3
   Petrify                            Transmutation/Earth          4
   Lee's Rapid Deconstruction         Earth                        5


   Skills:
 - Level 1.7 Dodging
 - Level 2.1 Stealth
 - Level 2.0 Unarmed Combat
 + Level 1.6 Spellcasting
   Level 0.8 Transmutations
 * Level 5.1 Earth Magic


You had one spell level left.
You knew the following spells:

 Your Spells              Type           Power        Failure   Level  Hunger
a - Sandblast             Erth           ###...       2%          1    ##.....
c - Stone Arrow           Conj/Erth      #.....       28%         3    ####...


Dungeon Overview and Level Annotations

Branches:
Dungeon (2/27)

Altars:

Annotations
D:2 Ijyb


Innate Abilities, Weirdness & Mutations

You have very sharp teeth.
You have razor-sharp toenails.
Your flesh is cold resistant.
You resist negative energy.
You have a slow metabolism.
You are immune to petrification.
You are resistant to trampling.


Message History

Ijyb completely misses you.
You hit Ijyb but do no damage. You claw Ijyb.
Ijyb is lightly wounded.
Ijyb barely misses you.
You closely miss Ijyb.
Ijyb is lightly wounded.
Ijyb hits you.
You closely miss Ijyb. You claw Ijyb.
Ijyb is moderately wounded.
Ijyb hits you.
You hit Ijyb but do no damage.
Ijyb is moderately wounded.
Ijyb misses you.
You hit Ijyb but do no damage.
Ijyb is moderately wounded.
Ijyb hits you.
* * * LOW HITPOINT WARNING * * *
b - 20 stones (in hand) {=f} Ijyb hits you.
You die...

..........#..................#
.........##................###
#.##....................####
####...............######
##...............#
#................##
#.....##......<...#
##....##.......g..##
#..####........@..# ####
##..........# #..........#
##..........# #...........#
########
##..........###......## ###
##........#..........#
#####.####.......#...........#
#............................#


You could see Ijyb.

Vanquished Creatures
  3 adders (D:2)
  A giant gecko (D:2)
  2 bats
  A giant cockroach (D:2)
  2 goblins
  2 hobgoblins
  5 kobolds
  An ooze (D:2)
  A quokka (D:2)
  3 giant newts
  7 rats
28 creatures vanquished.

Notes
Turn   | Place    | Note
--------------------------------------------------------------
     0 | D:1      | Koal, the Gargoyle Earth Elementalist, began the quest for the Orb.
     0 | D:1      | Reached XP level 1. HP: 14/14 MP: 3/3
   504 | D:1      | Reached XP level 2. HP: 17/20 MP: 4/4
  1057 | D:2      | Reached skill level 1 in Unarmed Combat
  1057 | D:2      | Reached XP level 3. HP: 24/26 MP: 3/6
  1224 | D:2      | Learned a level 3 spell: Stone Arrow
  1367 | D:2      | Reached skill level 5 in Earth Magic
  1648 | D:2      | Noticed Ijyb
  1721 | D:2      | Slain by Ijyb

Action                   || total
-------------------------++-------
Melee: Unarmed           ||    62
Throw: Stone             ||     2
       Dart              ||     2
 Cast: Sandblast         ||    39
 Stab: Sleeping          ||     1
